 Dungeon Crawl Stone Soup version 0.29-a0-284-gf9362112df (webtiles) character file.

Game seed: 14464991058245500415

4001 spaghetti the Soothsayer (level 10, -1/56 HPs)
             Began as a Demonspawn Conjurer on Mar 28, 2022.
             Was a Priest of Nemelex Xobeh.
             Slain by a hornet zombie (3 damage)
             ... in an ossuary.
             The game lasted 00:20:38 (9259 turns).

spaghetti the Soothsayer (Demonspawn Conjurer)      Turns: 9259, Time: 00:20:38

Health: -1/56      AC: 14    Str: 13    XL:     10   Next: 3%
Magic:  29/29      EV: 10    Int: 21    God:    Nemelex Xobeh [***...]
Gold:   83         SH:  0    Dex: 12    Spells: 7/23 levels left

rFire   + + .      SeeInvis +   t - +1 hand axe (elec) {axe}
rCold   + . .      Faith    +   (no shield)
rNeg    . . .      Spirit   .   y - +1 ring mail of Apte {Contam rPois Regen+ Str+3}
rPois   +          Reflect  .   (no helmet)
rElec   +          Harm     .   (no cloak)
rCorr   +          Rampage  .   s - +0 pair of gloves
Will    .....                   z - +0 pair of boots
Stlth   +.........              o - amulet of faith {!P}
HPRegen 0.98/turn               p - ring of magical power
MPRegen 0.21/turn               x - ring of wizardry

@: about to teleport, resistant, sanguine armoured, very slow
A: claws 2, foul stench 1, sanguine armour 1, see invisible, fire resistance 1,
frail 1, screaming 1
a: Renounce Religion, Draw Escape, Draw Destruction, Draw Summoning, Triple Draw


You were in an ossuary.
You worshipped Nemelex Xobeh.
Nemelex Xobeh was most pleased with you.
You visited 1 branch of the dungeon, and saw 6 of its levels.
You also visited: Sewer and Ossuary.

You collected 1288 gold pieces.
You spent 1205 gold pieces at shops.


Innate Abilities, Weirdness & Mutations

You have very sharp fingernails.
You may rarely emit foul miasma when damaged in melee.
When seriously injured, your blood forms armour. (AC +6)
You have supernaturally acute eyesight. (SInv)
Your flesh is heat resistant. (rF+)
You are frail. (-10% HP)
You occasionally shout uncontrollably at your foes.


   Skills:
 - Level 0.5 Short Blades
 - Level 1.7 Dodging
 - Level 1.7 Stealth
 * Level 8.2 Unarmed Combat
 - Level 7.0 Spellcasting
 + Level 4.0 Conjurations
 + Level 0.4 Hexes
 + Level 11.1 Invocations


You had 7 spell levels left.
You knew the following spells:

 Your Spells              Type           Power      Damage    Failure   Level
a - Magic Dart            Conj           96%        1d7       1%          1
b - Searing Ray           Conj           48%        2d6       2%          2
c - Fulminant Prism       Conj/Hex       8%         3d7       30%         4
d - Iskenderun's Mystic   Conj/Tloc      15%        2d5       32%         4
e - Call Imp              Summ           7%         N/A       12%         2
f - Mephitic Cloud        Conj/Pois/Air  13%        N/A       13%         3

Your spell library contained the following spells:

 Spells                   Type           Power      Damage    Failure   Level
 Dazzling Flash           Conj/Hex       32%        N/A       10%         3

Inventory:

Hand Weapons
 c - a +0 dagger {short}
   (You took it off a goblin on level 1 of the Dungeon)
 e - a +3 dagger of venom {short}
   (You took it off a goblin on level 1 of the Dungeon)
 t - a +1 hand axe of electrocution (weapon) {axe}
   (You took it off an orc on level 3 of the Dungeon)
Missiles
 i - 300 stones {throwing}
 j - 24 poisoned darts {throwing}
 w - 5 boomerangs {throwing}
 D - a throwing net {=f!fthrowing}
Armour
 a - a +0 robe
 s - a +0 pair of gloves (worn)
   (You found it in a sewer)
 y - the +1 ring mail of Apte (worn) {Contam rPois Regen+ Str+3}
   (You bought it in a shop on level 3 of the Dungeon)

   Str:       It affects your strength (+3).
   rPois:     It protects you from poison.
   Contam:    It causes magical contamination when unequipped.
   Regen:     It increases your rate of health regeneration.
 z - a +0 pair of boots (worn)
   (You found it on level 3 of the Dungeon)
Jewellery
 f - a ring of ice
   (You found it on level 1 of the Dungeon)
 l - an amulet of reflection
   (You found it on level 2 of the Dungeon)
 n - an amulet of guardian spirit
   (You found it on level 3 of the Dungeon)
 o - an amulet of faith (around neck) {!P}
   (You bought it in a shop on level 2 of the Dungeon)
 p - a ring of magical power (left hand)
   (You bought it in a shop on level 2 of the Dungeon)
 x - a ring of wizardry (right hand)
   (You bought it in a shop on level 2 of the Dungeon)
 I - a ring of poison resistance
   (You found it in an ossuary)
Wands
 q - a wand of flame (11)
   (You found it in a sewer)
 v - a wand of paralysis (2)
   (You found it on level 4 of the Dungeon)
 E - a wand of polymorph (11)
   (You found it on level 6 of the Dungeon)
 F - a wand of iceblast (2)
   (You found it on level 6 of the Dungeon)
Scrolls
 d - 2 scrolls of identify {@r1}
 g - 3 scrolls of teleportation {@r4}
 h - 2 scrolls of noise {!r}
 k - 2 scrolls of enchant weapon
 m - 2 scrolls of immolation {!r!r}
 u - 2 scrolls of magic mapping {!r}
 H - a scroll of fear {unknown}
Potions
 b - a potion of magic
 r - a potion of brilliance
 C - 2 potions of attraction {!q}

Dungeon Overview and Level Annotations

Branches:
Dungeon (6/15)             Temple (0/1) D:4           Sewer (visited)
Ossuary (1/1)

Altars:
Gozag
Nemelex Xobeh

Shops:
D:2 =[   D:3 [   D:4 ( D:5

! #...#≈≈.#≈≈
#.∩.'.≈#≈#
#∩..#≈..≈#
#####≈≈#≈#
#.≈≈≈.##
#####.≈##
#?!!#...# ≈
#.!.'Z≈≈#≈≈≈≈
#...#@..≈≈≈≈#
#####M≈#≈≈##≈
.≈..##≈≈#
+#+#≈≈#≈≈#
### ##


You could see a mummy and a hornet zombie.


Message History

😨 HP[+2]
You regained 2 hp, and now have 28/56 hp.
You hit the hornet zombie.
The hornet zombie hits you but does no damage.
A mummy comes into view.
The hornet zombie completely misses you. 😮 HP[+1]
You barely miss the hornet zombie.
The hornet zombie barely misses you. 😮 HP[+1]
Your unstable footing causes you to fumble your attack.
The hornet zombie hits you but does no damage. x2 😮 HP[+2]
You regained 2 hp, and now have 32/56 hp.
Your unstable footing causes you to fumble your attack.
The hornet zombie hits you but does no damage.
The mummy splashes around in the water.
The hornet zombie barely misses you. 😮 HP[+1]
You hit the hornet zombie but do no damage.
Lightning courses through the hornet zombie!
You barely miss the mummy.
The hornet zombie hits you but does no damage.
The mummy splashes around in the water. 😮 HP[+1]
You slash the hornet zombie! You barely miss the mummy.
The hornet zombie closely misses you. The hornet zombie hits you.
The mummy hits you!
* * * LOW HITPOINT WARNING * * *
😨 HP[-11]
You take 11 damage, and now have 23/56 hp.
Your unstable footing causes you to fumble your attack.
The hornet zombie completely misses you. x2 😨 HP[+2]
You regained 2 hp, and now have 25/56 hp.
Your unstable footing causes you to fumble your attack.
The hornet zombie hits you but does no damage.
The mummy splashes around in the water. 😨 HP[+1]
Your unstable footing causes you to fumble your attack.
The hornet zombie hits you!
* * * LOW HITPOINT WARNING * * *
The hornet zombie hits you but does no damage.
The mummy hits you but does no damage. 😨 HP[-9]
You take 9 damage, and now have 17/56 hp.
You closely miss the hornet zombie. You hit the mummy.
The hornet zombie hits you but does no damage. x2
The mummy splashes around in the water. 😨 HP[+1] Unknown command.
You hit the hornet zombie but do no damage.
You hit the mummy but do no damage.
The hornet zombie hits you but does no damage. 😨 HP[+2]
You regained 2 hp, and now have 20/56 hp.
Your unstable footing causes you to fumble your attack.
The hornet zombie hits you.
* * * LOW HITPOINT WARNING * * *
The mummy misses you.
The hornet zombie closely misses you. 😨 HP[-1]
You take 1 damage, and now have 19/56 hp.
Unknown command.
Okay, then.
It was a potion of cancellation.
You feel magically purged. The hornet zombie hits you!
* * * LOW HITPOINT WARNING * * *
The mummy barely misses you. 😱 HP[-8]
You take 8 damage, and now have 11/56 hp.
It was a potion of resistance.
You feel protected. The hornet zombie barely misses you.
The hornet zombie hits you.
* * * LOW HITPOINT WARNING * * *
😱 HP[-5]
You take 5 damage, and now have 6/56 hp.
As you read the scroll labelled VULIUS JAAZ, it crumbles to dust.
It is a scroll of amnesia.
Really abort (and waste the scroll)?
Okay, then.
The mummy hits you.
* * * LOW HITPOINT WARNING * * *
The hornet zombie hits you.
* * * LOW HITPOINT WARNING * * *
😱 HP[-4]
You take 4 damage, and now have 2/56 hp.
Okay, then.
Okay, then.
As you read the scroll of teleportation {@r4}, it crumbles to dust.
You feel strangely unstable. The hornet zombie hits you.
* * * LOW HITPOINT WARNING * * *
The mummy barely misses you. 😱 HP[-1]
You take 1 damage, and now have 1/56 hp.
Okay, then.
Aiming: Paralyse
Press: ? - help, Shift-Dir - straight line, f - mummy, p - hornet zombie
Aim: a mummy (lightly damaged, chance to affect: 49%)
The mummy resists with some effort.
The hornet zombie hits you.
You die...
Your body disappears without a glow.

Skill      XL: |  1  2  3  4  5  6  7  8  9 |
---------------+----------------------------+-----
Spellcasting   | 3 4 5 6 7 |  7.0
Invocations    | 4 7 9 11 | 11.1
Unarmed Combat | 5 8 |  8.2
Short Blades   | |  0.5
Dodging        | |  1.7
Stealth        | |  1.7
Conjurations   | |  4.0
Hexes          | |  0.4

Action                   |  1- 3 |  4- 6 |  7- 9 | 10-12 || total
-------------------------+-------+-------+-------+-------++-------
Melee: Dagger            |    38 |    58 |    16 |       ||   112
       Unarmed           |     4 |       |       |       ||     4
       Hand axe          |       |       |   370 |    44 ||   414
       Punch             |       |       |    13 |     1 ||    14
 Cast: Magic Dart        |    62 |   144 |   127 |     2 ||   335
       Searing Ray       |       |     3 |       |       ||     3
       Call Imp          |       |       |     7 |       ||     7
       Mephitic Cloud    |       |       |     4 |       ||     4
       Fulminant Prism   |       |       |     1 |       ||     1
Invok: Draw Destruction  |       |       |    11 |       ||    11
       Draw Escape       |       |       |     3 |       ||     3
       Draw Summoning    |       |       |     3 |       ||     3
       Triple Draw       |       |       |     3 |       ||     3
Evoke: Wand              |       |       |       |     1 ||     1
  Use: Potion            |       |     5 |     5 |     2 ||    12
       Scroll            |       |       |     8 |     2 ||    10
 Stab: Distracted        |       |       |     1 |       ||     1
       Confused          |       |       |     1 |       ||     1
       Invisible         |       |       |     3 |       ||     3
Armor: Robe              |    13 |     7 |    31 |       ||    51
       Ring mail         |       |       |   164 |    32 ||   196
Dodge: Dodged            |    18 |    22 |   267 |    34 ||   341
Block: Other             |       |    10 |    49 |       ||    59
       Reflection        |       |     1 |       |       ||     1

Levels and vault maps discovered:
D:1:      giann_wishing_wells, layout_rooms
D:2:      layout_basic, serial_shops, shop, shop,
          amcnicky_mini_rare_corridor_liquid, st_stairs_14
D:3:      layout_rooms, mainiacjoe_overflow_surrounded_room,
          cheibrodos_sewer_entry_drain, serial_shops, shop_statue,
          dreamdust_ecumenical_altar_drowned_temple, uniq_grinder, uniq_sigmund
D:4:      layout_layer_cave, minmay_temple_entry_junction, serial_shops,
          kennysheep_mini_moat, nicolae_concentric_dashed_squares_mild,
          grunt_decor_fettered, solitary_fountain, guppyfry_early_orc_mine,
          uniq_natasha, uniq_eustachio
D:5:      layout_basic, serial_shops, nicolae_shop_crystal
D:6:      layout_cave_pools, gup_ossuary_entry_pyramid, nicolae_zen_rock_garden
Ossuary:  ossuary_zaba_flooded

Notes
Turn   | Place    | Note
-------+----------+-------------------------------------------
     0 | D:1      | spaghetti the Demonspawn Conjurer began the quest for the
                  | Orb.
     0 | D:1      | Reached XP level 1. HP: 13/13 MP: 3/3
     0 | D:1      | magus.rc [v1.9.6]
   236 | D:1      | Gained mutation: You may rarely emit foul miasma when
                  | damaged in melee. [demonic ancestry]
   236 | D:1      | Reached XP level 2. HP: 19/19 MP: 0/5
   538 | D:1      | Reached skill level 3 in Spellcasting
   812 | D:1      | Gained mutation: You have sharp fingernails. [demonic
                  | ancestry]
   812 | D:1      | Reached XP level 3. HP: 24/24 MP: 3/7
  1550 | D:2      | Reached skill level 4 in Spellcasting
  1550 | D:2      | Reached XP level 4. HP: 30/30 MP: 1/10
  1573 | D:2      | HP: 5/30 [something (3)]
  1574 | D:2      | HP: 2/30 [something (3)]
  1582 | D:2      | Learned a level 2 spell: Searing Ray
  1750 | D:2      | Found Joqyfe's Jewellery Boutique.
  1842 | D:2      | Found Efraih's Antique Armour Boutique.
  2000 | D:2      | Gained mutation: When seriously injured, your blood forms
                  | armour. (AC +6) [demonic ancestry]
  2000 | D:2      | Reached XP level 5. HP: 35/35 MP: 7/12
  2480 | D:3      | Found a glowing drain.
  2491 | Sewer    | Entered a sewer
  2609 | Sewer    | Reached skill level 5 in Spellcasting
  3455 | Sewer    | Reached XP level 6. HP: 38/41 MP: 10/14
  3622 | D:3      | Learned a level 4 spell: Fulminant Prism
  3627 | D:3      | Learned a level 4 spell: Iskenderun's Mystic Blast
  3747 | D:3      | Found a faded altar of an unknown god.
  3760 | D:3      | Prayed at the altar of an unknown god.
  3760 | D:3      | Became a worshipper of Nemelex Xobeh the Trickster
  3760 | D:3      | Reached * piety under Nemelex Xobeh
  3775 | D:3      | You pick up a book of Minor Magic and begin reading...
  3775 | D:3      | You add the spells Call Imp and Mephitic Cloud to your
                  | library.
  3884 | D:3      | Noticed Grinder
  3897 | D:3      | Killed Grinder
  3898 | D:3      | Reached skill level 6 in Spellcasting
  3898 | D:3      | Reached skill level 3 in Invocations
  4142 | D:3      | Found an opulent altar of Gozag.
  4142 | D:3      | Noticed Sigmund
  4150 | D:3      | Gained mutation: You have hidden genetic defects. [potion
                  | of mutation]
  4150 | D:3      | Gained mutation: You are agile. (Dex +2) [potion of
                  | mutation]
  4157 | D:3      | Killed Sigmund
  4158 | D:3      | Reached skill level 4 in Invocations
  4158 | D:3      | Reached XP level 7. HP: 14/46 MP: 6/17
  4158 | D:3      | Gained mutation: Your body sometimes deteriorates upon
                  | taking damage. [hidden defects]
  4383 | D:3      | Learned a level 2 spell: Call Imp
  4387 | D:3      | Learned a level 3 spell: Mephitic Cloud
  4482 | D:3      | Found Wurepsonk's Armour Boutique.
  4899 | D:4      | Received a gift from Nemelex Xobeh
  5027 | D:4      | Reached skill level 7 in Spellcasting
  5027 | D:4      | Reached skill level 5 in Invocations
  5042 | D:4      | Reached skill level 6 in Invocations
  5050 | D:4      | Gained mutation: Your body often deteriorates upon taking
                  | damage. [hidden defects]
  5050 | D:4      | Lost mutation: You have hidden genetic defects. [hidden
                  | defects expressed]
  5054 | D:5      | Entered Level 5 of the Dungeon
  5304 | D:4      | Reached ** piety under Nemelex Xobeh
  5588 | D:4      | Reached skill level 7 in Invocations
  5588 | D:4      | Gained mutation: You have very sharp fingernails. [demonic
                  | ancestry]
  5588 | D:4      | Reached XP level 8. HP: 17/52 MP: 13/18
  5817 | D:4      | Noticed Natasha
  5822 | D:4      | Killed Natasha
  5922 | D:4      | Reached skill level 1 in Unarmed Combat
  6169 | D:4      | Found a staircase to the Ecumenical Temple.
  6246 | D:4      | Noticed Eustachio
  6274 | D:4      | HP: 12/52 [Eustachio/+0 falchion (6)]
  6277 | D:4      | Killed Eustachio
  6278 | D:4      | Reached skill level 2 in Unarmed Combat
  6549 | D:4      | Received a gift from Nemelex Xobeh
  6643 | D:4      | Noticed Natasha
  6653 | D:4      | Killed Natasha
  6670 | D:4      | Reached skill level 8 in Invocations
  6690 | D:4      | HP: 12/52 [poisoned by a scorpion]
  6696 | D:4      | HP: 8/52 [scorpion (1)]
  6701 | D:4      | HP: 11/52 [poisoned by a scorpion]
  6702 | D:4      | Reached skill level 3 in Unarmed Combat
  6706 | D:4      | HP: 9/52 [poisoned by a scorpion]
  6728 | D:4      | Noticed Natasha
  6729 | D:4      | Noticed Natasha
  6729 | D:4      | Natasha changed into Natasha the river rat
  6730 | D:4      | Killed Natasha the river rat
  7145 | D:4      | Found Dimapaud's Weapon Boutique.
  7261 | D:4      | Identified a scroll of acquirement
  7263 | D:4      | Acquired 1036 gold pieces
  7360 | D:2      | Bought an amulet of faith for 400 gold pieces
  7380 | D:2      | Bought a ring of magical power for 200 gold pieces
  7381 | D:2      | Bought a ring of wizardry for 300 gold pieces
  7529 | D:3      | Bought the +1 ring mail of Apte {Contam rPois Regen+ Str+3}
                  | for 209 gold pieces
  7830 | D:5      | Found Xiaptaoxi's Distillery.
  7840 | D:5      | Bought a potion of mutation for 96 gold pieces
  7840 | D:5      | Lost mutation: Your body often deteriorates upon taking
                  | damage. [potion of mutation]
  7840 | D:5      | Lost mutation: You are agile. (Dex +2) [potion of mutation]
  7840 | D:5      | Lost mutation: Your body sometimes deteriorates upon taking
                  | damage. [potion of mutation]
  7840 | D:5      | Gained mutation: You are frail. (-10% HP) [potion of
                  | mutation]
  7840 | D:5      | Gained mutation: You occasionally shout uncontrollably at
                  | your foes. [potion of mutation]
  7840 | D:5      | Gained mutation: Your flesh is heat resistant. (rF+)
                  | [potion of mutation]
  7840 | D:5      | Gained mutation: You have supernaturally acute eyesight.
                  | (SInv) [potion of mutation]
  7864 | D:5      | Reached skill level 4 in Unarmed Combat
  7903 | D:5      | Reached skill level 9 in Invocations
  7983 | D:5      | Reached skill level 5 in Unarmed Combat
  8043 | D:5      | Reached XP level 9. HP: 45/51 MP: 19/19
  8283 | D:5      | Reached *** piety under Nemelex Xobeh
  8480 | D:6      | HP: 11/51 [wight/+2 dagger of freezing (5)]
  8553 | D:5      | Reached skill level 6 in Unarmed Combat
  8642 | D:6      | Reached skill level 10 in Invocations
  8652 | D:6      | Reached skill level 7 in Unarmed Combat
  8827 | D:6      | Received a gift from Nemelex Xobeh
  8968 | D:6      | Found a sand-covered staircase.
  8978 | Ossuary  | Entered an ossuary
  8996 | Ossuary  | HP: 10/51 [bog mummy (12)]
  9075 | Ossuary  | Reached skill level 8 in Unarmed Combat
  9136 | Ossuary  | Reached skill level 11 in Invocations
  9193 | Ossuary  | Reached XP level 10. HP: 49/56 MP: 20/20
  9255 | Ossuary  | HP: 11/56 [hornet zombie (9)]
  9257 | Ossuary  | HP: 2/56 [hornet zombie (4)]
  9259 | Ossuary  | Slain by a hornet zombie

Vanquished Creatures
  Grinder (D:3)
  Sigmund (D:3)
  2 steam dragons
  2 water moccasins (D:5)
  An orc warrior (D:4)
  An ice beast (D:6)
  2 ogres
  A centaur (D:6)
  A bullfrog (Sewer)
  A wyvern zombie (Ossuary)
  2 necrophages (D:5)
  2 water moccasin zombies (Ossuary)
  3 scorpions
  2 wights (D:5)
  2 centaur zombies (Ossuary)
  3 orc priests
  5 hounds
  3 bullfrog zombies (Ossuary)
  6 iguanas
  10 orc wizards
  Natasha (twice) (D:4)
  3 killer bee zombies (Ossuary)
  A howler monkey zombie (Ossuary)
  13 mummies
  3 adders
  2 gnolls (D:6)
  A river rat (D:4)
  2 worms (D:3)
  27 orcs
  18 endoplasms
  14 giant cockroaches
  11 goblins
  6 hobgoblins
  4 jackals (D:1)
  16 quokkas
  18 ball pythons
  7 bats
  12 frilled lizards
  15 kobolds
  3 rats
  A spectral kobold (D:3)
230 creatures vanquished.

Vanquished Creatures (collateral kills)
  Eustachio (D:4)
  A naga (D:6)
  A black bear (D:6)
  A kobold brigand (D:6)
  A bullfrog (D:6)
  3 wights (D:6)
  A hound (D:6)
  A gnoll shaman (D:6)
  A gnoll (D:6)
  A white imp (D:6)
  A kobold (D:6)
13 creatures vanquished.

Vanquished Creatures (others)
  A fulminant prism (Ossuary)
  3 withered plants (Ossuary)
4 creatures vanquished.

Grand Total: 247 creatures vanquished

Table legend:
 A = Non-vault XP
 B = Vault XP
 C = Vault XP percentage of total XP
 D = Non-vault monster count
 E = Vault monster count
 F = Vault count percentage of total count
                 A         B        C        D         E       F
            +---------+---------+-------+---------+---------+-------
      Total |    3592 |    2124 |  37.2 |     152 |      91 |  37.4
            +---------+---------+-------+---------+---------+-------
        D:1 |      55 |       0 |   0.0 |      33 |       0 |   0.0
        D:2 |     150 |       2 |   1.3 |      17 |       1 |   5.6
        D:3 |      67 |     517 |  88.5 |      17 |       5 |  22.7
        D:4 |     708 |     447 |  38.7 |      23 |       9 |  28.1
        D:5 |    1174 |       0 |   0.0 |      30 |       0 |   0.0
        D:6 |    1438 |      16 |   1.1 |      32 |       1 |   3.0
      Sewer |       0 |     194 | 100.0 |       0 |      51 | 100.0
    Ossuary |       0 |     948 | 100.0 |       0 |      24 | 100.0
            +---------+---------+-------+---------+---------+-------

Illustrated notes

Table legend:
 A = Kills in this place as a percentage of kills in entire the game.
 B = Kills by you in this place as a percentage of kills by you in the entire game.
 C = Kills by friends in this place as a percentage of kills by friends in the entire game.
 D = Other kills in this place as a percentage of other kills in the entire game.
 E = Experience gained in this place as a percentage of experience gained in the entire game.
 F = Experience gained in this place divided by the number of levels of this place that you have seen.
                   A       B       C       D       E      F
               +-------+-------+-------+-------+-------+----------------------
         Total | 100.0 | 100.0 | 100.0 | 100.0 | 100.0 | 714.5
       Dungeon |  69.1 |  67.2 | 100.0 | 100.0 |  80.0 | 762.3
         Sewer |  21.0 |  22.3 |   0.0 |   0.0 |   3.4 | 194.0
       Ossuary |   9.9 |  10.5 |   0.0 |   0.0 |  16.6 | 948.0
               +-------+-------+-------+-------+-------+----------------------

Table legend: (Time is in decaauts)
 A = Elapsed time spent in this place.
 B = Non-inter-level travel time spent in this place.
 C = Inter-level travel time spent in this place.
 D = Time resting spent in this place.
 E = Time spent auto-exploring this place.
 F = Levels seen in this place.
 G = Mean time per level.
                   A        B        C        D        E       F      G
               +--------+--------+--------+--------+--------+-----+--------+
         Total |   9485 |   8938 |    547 |    916 |   6180 |   8 | 1185.6 |
       Dungeon |   7963 |   7416 |    547 |    916 |   5164 |   6 | 1327.2 |
         Sewer |   1196 |   1196 |      0 |      0 |    940 |   1 | 1196.0 |
       Ossuary |    325 |    325 |      0 |      0 |     75 |   1 |  325.0 |
               +--------+--------+--------+--------+--------+-----+--------+

Top non-repeatable levels by time:
     D:4: 2518 daAuts
     D:3: 1403 daAuts
     D:2: 1363 daAuts
     D:1: 1274 daAuts
   Sewer: 1196 daAuts
     D:5: 885 daAuts
     D:6: 518 daAuts
 Ossuary: 325 daAuts
